 Dungeon Crawl Stone Soup version 0.31-a0-175-g9f7f995f2b (webtiles) character file.

Game seed: 9965586104458796707

228 qw the Shooter (level 6, -2/56 HPs)
             Began as a Naga Hunter on June 17, 2023.
             Slain by Duvessa
             ... wielding a +3 short sword of flaming
              (16 damage)
             ... on level 4 of the Dungeon.
             The game lasted 00:00:46 (2172 turns).

qw the Shooter (Naga Hunter)                        Turns: 2172, Time: 00:00:47

Health: -2/56      AC:  4    Str: 14    XL:     6   Next: 2%
Magic:  6/6        EV:  9    Int:  9    God:
Gold:   201        SH:  0    Dex: 16    Spells: 5/5 levels left

rFire   . . .        Y - +3 shortbow
rCold   . . .        (shield currently unavailable)
rNeg    . . .        c - +0 leather armour
rPois   +            (helmet restricted)
rElec   .            (no cloak)
rCorr   .            h - +0 pair of gloves
SInv    +            (no barding)
Will    .....        (no amulet)
Stlth   ++           (no ring)
HPRegen 0.29/turn    (no ring)
MPRegen 0.10/turn

%: no passive effects
@: about to teleport, short of breath, very slow
A: AC +2, large, see invisible, deformed body, poison resistance, slowness 2,
spit poison 1, naga tail 1, horns 1, stinger 1
a: Spit Poison


You were on level 4 of the Dungeon.
You visited 1 branch of the dungeon, and saw 4 of its levels.

You collected 201 gold pieces.


Innate Abilities, Weirdness & Mutations

Your serpentine skin is tough. (AC +2)
You have supernaturally acute eyesight. (SInv)
Armour fits poorly on your strangely shaped body.
Your system is resistant to poisons. (rPois)
You cover ground very slowly.
You can spit poison.
You have a snake-like lower body.
You have a pair of small horns on your head.
Your tail ends in a venomous barb.


   Skills:
 + Level 3.0 Fighting
 - Level 6.0 Ranged Weapons
 - Level 1.5 Dodging
 - Level 1.5 Stealth


You had 5 spell levels left.
You didn't know any spells.
Your spell library was empty.

Inventory:

Hand Weapons
 Y - a +3 shortbow (weapon)
Armour
 c - a +0 leather armour (worn)
 h - a +0 pair of gloves (worn)
Scrolls
 k - a scroll of identify
Potions
 a - 2 potions of mutation
 d - 3 potions of haste
 e - a potion of curing {unknown}
 f - a potion of degeneration {unknown}
 g - a potion of might {unknown}
 j - a potion of brilliance {unknown}
 l - a potion of lignification {unknown}
 m - a potion of cancellation {unknown}

Dungeon Overview and Level Annotations

Branches:
Dungeon (4/15)
 Temple: D:4-7

Altars:

Annotations:
D:4 Duvessa


Message History

Press: ? - help, Shift-Dir - straight line, f/p - Dowan The splash of poison hits Dowan.
Dowan is severely wounded.
Dowan gestures at something while chanting.
You hear a shout!
You shoot an arrow. The arrow hits Dowan!
Dowan is almost dead.
You shoot an arrow. The arrow barely misses Dowan.
You have got your breath back.
Duvessa, Sister of Dowan comes into view.
She is wielding a +3 short sword of flaming.
2168 ||| INVOKING Spit Poison.
Aiming: Spit Poison (1% risk of failure)
Press: ? - help, Shift-Dir - straight line, f/p - Dowan The splash of poison misses Dowan.
Dowan casts a spell at you. The puff of flame hits you!
You shoot an arrow. The arrow completely misses Dowan.
The arrow hits Duvessa.
Duvessa is lightly wounded.
You shoot an arrow. The arrow hits Dowan.
You kill Dowan!
Duvessa screams in rage.
Duvessa goes berserk!
You have got your breath back.
Your Ranged Weapons skill increases to level 6!
You have reached level 6!
Your skin feels tougher.
2171 ||| INVOKING Spit Poison.
Aiming: Spit Poison (1% risk of failure)
Press: ? - help, Shift-Dir - straight line, f - Duvessa The splash of poison hits Duvessa.
Duvessa is poisoned.
Duvessa is lightly wounded.
Duvessa hits you with a +3 short sword of flaming!
Duvessa burns you.
Duvessa hits you with a +3 short sword of flaming!
Duvessa burns you.
2172 ||| READING scroll of teleportation.
As you read the scroll of teleportation, it crumbles to dust.
You feel strangely unstable.
A ball python comes into view.
Duvessa hits you with a +3 short sword of flaming!
You die...

.. ...S ..#### ## .... ..#..
.#.... .... .#... #..##...#
....... ######## #..e#
#.......
##########.@###.#####.......
#.......##......#...........
#.......##.###..#.##........
#.......##.# .#.##........
#.......##.######.###.......
#..[............#.# #....###
#.......#.#####.#.# #.######
#.).....#.# #.# #.#..#..
####....#.. #.###....#.#


You could see Duvessa (berserk, fast, poisoned) and a ball python.

Vanquished Creatures
  Blork the orc (D:4)
  Dowan (D:4)
  4 adders
  A shadow imp (D:3)
  A worm (D:2)
  3 dart slugs
  An orc (D:3)
  6 endoplasms
  3 giant cockroaches
  5 goblins
  8 hobgoblins
  2 jackals (D:3)
  6 kobolds
  A quokka (D:2)
  7 ball pythons
  2 bats
  4 frilled lizards
  4 rats
60 creatures vanquished.

Notes
Turn   | Place    | Note
-------+----------+-------------------------------------------
     0 | D:1      | qw the Naga Hunter began the quest for the Orb.
     0 | D:1      | Reached XP level 1. HP: 19/19 MP: 1/1
     0 | D:1      | 0 ||| qw: Version: 0.3-a-2-g5ab2908
     0 | D:1      | 0 ||| qw: Game counter: 92
     0 | D:1      | 0 ||| qw: Always use a shield: true
     0 | D:1      | 0 ||| qw: God list: Okawaru
     0 | D:1      | 0 ||| qw: Allow faded altars: false
     0 | D:1      | 0 ||| qw: Do Orc after D:15 true
     0 | D:1      | 0 ||| qw: Do second Lair branch before Depths: true
     0 | D:1      | 0 ||| qw: Lair rune preference: random
     0 | D:1      | 0 ||| qw: Plans: Normal
     0 | D:1      | 0 ||| PLANNING D:1-11
    40 | D:1      | 40 ||| INVOKING Spit Poison.
    74 | D:1      | 74 ||| INVOKING Spit Poison.
    75 | D:1      | Reached skill level 4 in Ranged Weapons
    75 | D:1      | Reached XP level 2. HP: 26/26 MP: 2/2
    95 | D:1      | 95 ||| INVOKING Spit Poison.
   128 | D:1      | 128 ||| INVOKING Spit Poison.
   165 | D:1      | 165 ||| INVOKING Spit Poison.
   173 | D:1      | 173 ||| INVOKING Spit Poison.
   310 | D:1      | 310 ||| INVOKING Spit Poison.
   389 | D:1      | 389 ||| UPGRADING to +0 pair of gloves.
   394 | D:1      | 394 ||| READING scroll labelled ONAKHIOFUTH.
   395 | D:1      | 395 ||| READING 2 scrolls labelled FOC WIB LUCZELL.
   396 | D:1      | 396 ||| READING scroll of enchant weapon.
   396 | D:1      | 396 ||| ENCHANTING +1 shortbow.
   397 | D:1      | 397 ||| READING scroll labelled FOELUNNIRCHO.
   398 | D:1      | 398 ||| READING 2 scrolls labelled ZOINAU ORUX.
   399 | D:1      | 399 ||| READING scroll labelled ISYPROYDIKK.
   400 | D:1      | 400 ||| READING scroll labelled CEPAIQ CONIMEKH.
   401 | D:1      | 401 ||| DRINKING 2 black potions.
   402 | D:1      | 402 ||| DROPPING scroll of butterflies.
   441 | D:2      | 441 ||| INVOKING Spit Poison.
   463 | D:2      | 463 ||| INVOKING Spit Poison.
   498 | D:2      | 498 ||| INVOKING Spit Poison.
   542 | D:2      | 542 ||| INVOKING Spit Poison.
   544 | D:2      | Reached XP level 3. HP: 32/32 MP: 3/3
   544 | D:2      | 544 ||| Stepping ~*~*~tactically~*~*~ (outnumbered).
   548 | D:2      | 548 ||| INVOKING Spit Poison.
   552 | D:2      | 552 ||| INVOKING Spit Poison.
   559 | D:2      | 559 ||| INVOKING Spit Poison.
   697 | D:2      | 697 ||| INVOKING Spit Poison.
   700 | D:2      | 700 ||| INVOKING Spit Poison.
   701 | D:2      | 701 ||| INVOKING Spit Poison.
   704 | D:2      | 704 ||| INVOKING Spit Poison.
   707 | D:2      | 707 ||| READING scroll of enchant weapon.
   707 | D:2      | 707 ||| ENCHANTING +2 shortbow.
   823 | D:2      | 823 ||| INVOKING Spit Poison.
   861 | D:2      | 861 ||| INVOKING Spit Poison.
   869 | D:2      | 869 ||| INVOKING Spit Poison.
   870 | D:2      | 870 ||| INVOKING Spit Poison.
   913 | D:2      | 913 ||| INVOKING Spit Poison.
   917 | D:2      | 917 ||| INVOKING Spit Poison.
   921 | D:2      | Reached skill level 5 in Ranged Weapons
   960 | D:2      | 960 ||| INVOKING Spit Poison.
   961 | D:2      | Reached XP level 4. HP: 39/39 MP: 4/4
  1018 | D:2      | 1018 ||| READING scroll labelled OPSAFI PIT.
  1019 | D:2      | 1019 ||| READING scroll labelled URAWECW QEOCUCS.
  1023 | D:2      | 1023 ||| READING scroll labelled RIVULLIUS.
  1176 | D:3      | Found a faded altar of an unknown god.
  1226 | D:3      | 1226 ||| INVOKING Spit Poison.
  1279 | D:3      | 1279 ||| INVOKING Spit Poison.
  1313 | D:3      | 1313 ||| INVOKING Spit Poison.
  1411 | D:3      | 1411 ||| INVOKING Spit Poison.
  1462 | D:3      | 1462 ||| INVOKING Spit Poison.
  1472 | D:3      | 1472 ||| INVOKING Spit Poison.
  1528 | D:3      | 1528 ||| INVOKING Spit Poison.
  1764 | D:3      | 1764 ||| READING scroll labelled UGABOQ CAUSTROC.
  1773 | D:4      | 1773 ||| INVOKING Spit Poison.
  1777 | D:4      | Reached skill level 3 in Fighting
  1791 | D:4      | 1791 ||| INVOKING Spit Poison.
  1866 | D:4      | Noticed Blork the orc
  1868 | D:4      | 1868 ||| INVOKING Spit Poison.
  1872 | D:4      | 1872 ||| INVOKING Spit Poison.
  1875 | D:4      | Killed Blork the orc
  1876 | D:4      | Reached XP level 5. HP: 25/49 MP: 5/5
  2033 | D:4      | 2033 ||| INVOKING Spit Poison.
  2036 | D:4      | 2036 ||| INVOKING Spit Poison.
  2106 | D:4      | 2106 ||| DROPPING ring of flight.
  2107 | D:4      | 2107 ||| DRINKING 3 bubbling red potions.
  2107 | D:4      | Gained mutation: You have a pair of small horns on your
                  | head. [potion of mutation]
  2107 | D:4      | Gained mutation: Your tail ends in a venomous barb. [potion
                  | of mutation]
  2149 | D:4      | 2149 ||| INVOKING Spit Poison.
  2162 | D:4      | Noticed Dowan
  2165 | D:4      | 2165 ||| INVOKING Spit Poison.
  2167 | D:4      | Noticed Duvessa
  2168 | D:4      | 2168 ||| INVOKING Spit Poison.
  2170 | D:4      | Killed Dowan
  2171 | D:4      | Reached skill level 6 in Ranged Weapons
  2171 | D:4      | Reached XP level 6. HP: 44/56 MP: 6/6
  2171 | D:4      | 2171 ||| INVOKING Spit Poison.
  2171 | D:4      | HP: 14/56 [Duvessa/+3 short sword of flaming (3)]
  2172 | D:4      | 2172 ||| READING scroll of teleportation.
  2172 | D:4      | Slain by Duvessa

Levels and vault maps discovered:
D:1:      amcnicky_arrival_flooded_fountain, layout_basic, serial_forest,
          infiniplex_forest_clump_long, infiniplex_forest_diagonal,
          infiniplex_forest_lined_corner, infiniplex_forest_lined_1,
          infiniplex_forest_zigzag_1, infiniplex_forest_clump_tiny,
          infiniplex_forest_zigzag_1, corexii_leaking_fountain
D:2:      layout_loops_cross, minmay_pentomino_x2
D:3:      layout_loops_cross, basic_ecumenical_altar
D:4:      layout_basic, hangedman_decor_peaks_small, kennysheep_small_square,
          uniq_blork_the_orc, uniq_duvessa

Skill      XL: |  1  2  3  4  5 |
---------------+----------------+-----
Ranged Weapons | 4 5 6 |  6.0
Fighting       | 3 |  3.0
Dodging        | |  1.5
Stealth        | |  1.5

Action                     |  1- 3 |  4- 6 || total
---------------------------+-------+-------++-------
   Fire: Shortbow          |    57 |    39 ||    96
Ability: Spit Poison       |    23 |    17 ||    40
    Use: Scroll            |     8 |     5 ||    13
         Potion            |     1 |     1 ||     2
 Armour: Leather armour    |     2 |     3 ||     5
  Dodge: Dodged            |     9 |     4 ||    13

Table legend:
 A = Non-vault XP
 B = Vault XP
 C = Vault XP percentage of total XP
 D = Non-vault monster count
 E = Vault monster count
 F = Vault count percentage of total count
                 A         B        C        D         E       F
            +---------+---------+-------+---------+---------+-------
      Total |     161 |     165 |  50.6 |      58 |       2 |   3.3
            +---------+---------+-------+---------+---------+-------
        D:1 |      25 |       0 |   0.0 |      16 |       0 |   0.0
        D:2 |      58 |       0 |   0.0 |      24 |       0 |   0.0
        D:3 |      43 |       0 |   0.0 |      12 |       0 |   0.0
        D:4 |      35 |     165 |  82.5 |       6 |       2 |  25.0
            +---------+---------+-------+---------+---------+-------
